Map: Lightshade LE

Players

Zoun

  • Race: Protoss Protoss

Has - Winner!

  • Race: Protoss Protoss

Event: DreamHack SC2 Masters 2021 Fall

VOD

Have the link to the VOD?

Description

Time

  • Played on: Sept. 10, 2021, 12:40 p.m.
  • Length: 13:52

All games in this series

Show
View Real Time Build Order
Export as new Build Order

Zoun Protoss 

Build Orders: Oracle Opening 

Get SALT Encoding   

  12  0:00  Probe  
  13  0:12  Probe  
  14  0:16  Pylon  
  14  0:24  Probe (Chrono Boost)  
  15  0:36  Gateway, Probe (Chrono Boost)  
  16  0:44  Probe (Chrono Boost)  
  16  0:45  Assimilator  
  17  0:51  Probe  
  18  1:03  Probe (Chrono Boost)  
  19  1:04  Assimilator  
  19  1:09  Gateway  
  19  1:13  Probe (Chrono Boost)  
  19  1:18  Probe (Chrono Boost)  
  20  1:23  Cybernetics Core  
  21  1:29  Probe  
  22  1:34  Pylon  
  22  1:41  Probe  
  23  1:53  Probe  
  24  1:57  Warp Gate (Chrono Boost)  
  24  1:59  Stalker x2  
  28  2:05  Probe  
  29  2:12  Pylon  
  29  2:18  Shield Battery  
  29  2:38  Stalker x2  
  33  2:51  Nexus  
  33  3:02  Stargate  
  33  3:08  Shield Battery  
  33  3:16  Shield Battery  
  33  3:27  Pylon  
  34  3:40  Stalker  
  36  3:41  Stalker  
  36  3:48  Oracle (Chrono Boost)  
  39  4:00  Shield Battery  
  39  4:09  Stalker x2  
  43  4:21  Robotics Facility  
  43  4:32  Stalker  
  43  4:35  Stalker  
  35  4:58  Stalker x2  
  35  5:01  Pylon  
  35  5:04  Void Ray (Chrono Boost)  
  18  5:39  Stalker  
  20  6:03  Stalker  
  19  6:04  Probe (Chrono Boost)  
  20  6:14  Probe (Chrono Boost)  
Show
View Real Time Build Order
Export as new Build Order

Has Protoss - Winner!

Build Orders: Blink Stalkers 

Get SALT Encoding   

  12  0:00  Probe  
  13  0:12  Probe  
  14  0:17  Pylon  
  14  0:24  Probe (Chrono Boost)  
  15  0:37  Gateway, Probe (Chrono Boost)  
  15  0:42  Probe (Chrono Boost)  
  16  0:47  Assimilator  
  17  0:53  Probe  
  17  0:54  Assimilator  
  18  1:04  Gateway  
  18  1:06  Probe (Chrono Boost)  
  19  1:16  Probe (Chrono Boost)  
  20  1:21  Probe (Chrono Boost)  
  21  1:27  Cybernetics Core  
  21  1:33  Pylon, Probe  
  22  1:45  Probe  
  23  1:58  Probe  
  24  2:03  Pylon, Stalker  
  24  2:05  Stalker  
  28  2:10  Warp Gate  
  28  2:11  Probe  
  29  2:27  Twilight Council  
  29  2:33  Stalker  
  29  2:36  Stalker  
  32  2:43  Probe  
  33  2:56  Blink (Chrono Boost)  
  33  3:05  Gateway  
  33  3:13  Stalker  
  33  3:17  Pylon  
  35  3:21  Stalker  
  37  3:37  Gateway  
  36  3:56  Pylon  
  36  3:58  Stalker  
  36  4:00  Stalker  
  36  4:01  Stalker  
  43  4:09  Pylon  
  42  4:21  Stalker  
  42  4:24  Stalker  
  46  4:27  Stalker  
  48  4:34  Stalker  
  42  4:53  Stalker x2  
  42  4:59  Stalker  
  44  5:15  Stalker  
  44  5:17  Stalker  
  43  5:25  Stalker  
  43  5:26  Probe (Chrono Boost)  
  35  5:38  Probe (Chrono Boost)  
  35  5:40  Stalker  
  38  5:45  Probe (Chrono Boost)  
  39  5:53  Stalker  
  39  5:56  Probe  
  42  6:05  Stalker  

Tags
 
Add a new tag
Caveats
  • Supply blocks, unpowered buildings, or Contaminate may cause inaccurate times.
  • Supply counts are checked every 10 seconds.